3AAA
HAMILTON COYOTES @ SIOUX FALLS RED PANDAS
06/30/2028
 
TOP OF THE 1ST
Hamilton Coyotes batting - Pitching for Sioux Falls Red Pandas : LHP Greg Jordan
Pitching: LHP Greg Jordan
Batting: LHB Ruben Yim 0-0: Ground out 6-3 (Groundball, 6)
Batting: RHB Juanito González 0-0: SINGLE (Groundball, 6MD)
Batting: RHB Jeffery Campbell 0-0: Ball
Juanito González is caught stealing 2nd base
1-0: Fly out, F9 (Flyball, 9S)
Top of the 1st over - 0 run(s), 1 hit(s), 0 error(s), 0 left on base; Hamilton 0 - Sioux Falls 0
BOTTOM OF THE 1ST
Sioux Falls Red Pandas batting - Pitching for Hamilton Coyotes : RHP King Fletcher
Pitching: RHP King Fletcher
Batting: RHB Bryant Skelly 0-0: Ball
1-0: Fly out, F6 (Line Drive, 6)
Batting: RHB Jorge Díaz 0-0: Fly out, F6 (Popup, 6)
Batting: LHB Magali Lenidas 0-0: Called Strike
0-1: SINGLE (Groundball, 4MD)
Batting: RHB Alan Rosales 0-0: SINGLE (Groundball, 6MD)
Magali Lenidas to second
Throwing error, E8
Magali Lenidas scores
Alan Rosales to second
Batting: LHB Augustus Driscoll 0-0: Called Strike
0-1: Called Strike
0-2: Fly out, F7 (Flyball, 7D)
Bottom of the 1st over - 1 run(s), 2 hit(s), 1 error(s), 1 left on base; Hamilton 0 - Sioux Falls 1
TOP OF THE 2ND
Hamilton Coyotes batting - Pitching for Sioux Falls Red Pandas : LHP Greg Jordan
Batting: LHB Armando Reyes 0-0: Fly out, F5 (Popup, 5L)
Batting: RHB Vincente Fuentes 0-0: DOUBLE (Line Drive, 7LM)
Batting: SHB Al Anderson 0-0: Ball
1-0: Ball
2-0: Foul Ball, location: 2F
2-1: Ball
3-1: SINGLE (Flyball, 78S)
Vincente Fuentes to third
Batting: RHB José Icaza 0-0: Ball
1-0: Ball
2-0: Fly out, F7 (Line Drive, 7)
Batting: RHB Robbie Roach 0-0: Called Strike
0-1: Ball
1-1: Swinging Strike
1-2: Ball
2-2: Strikes out swinging
Top of the 2nd over - 0 run(s), 2 hit(s), 0 error(s), 2 left on base; Hamilton 0 - Sioux Falls 1
BOTTOM OF THE 2ND
Sioux Falls Red Pandas batting - Pitching for Hamilton Coyotes : RHP King Fletcher
Batting: LHB Toyokazu Asano 0-0: Ball
1-0: Ball
2-0: Ball
3-0: Called Strike
3-1: Base on Balls
Batting: RHB Jon Erickson 0-0: Ball
1-0: Ball
2-0: Called Strike
2-1: Foul Ball, location: 2F
2-2: Ball
3-2: Fly out, F6 (Line Drive, 56D)
Batting: SHB Raúl Duarte 0-0: Called Strike
0-1: Ball
1-1: Foul Ball, location: 2F
1-2: Ball
2-2: SINGLE (Flyball, 89S)
Toyokazu Asano to second
Runner from 2nd tries for 3rd, SAFE, throw made to third
Batting: RHB Jonah Moody 0-0: Ball
1-0: Ball
2-0: Ball
3-0: Called Strike
3-1: Base on Balls
Raúl Duarte to second
Batting: RHB Bryant Skelly 0-0: Ball
1-0: Called Strike
1-1: Ball
2-1: Called Strike
2-2: Fly out, F8 (Line Drive, 8LM)
Batting: RHB Jorge Díaz 0-0: SINGLE (Line Drive, 78S)
Toyokazu Asano scores
Raúl Duarte to third
Jonah Moody to second
Batting: LHB Magali Lenidas 0-0: Called Strike
0-1: Called Strike
0-2: Ball
1-2: Strikes out swinging
Bottom of the 2nd over - 1 run(s), 2 hit(s), 0 error(s), 3 left on base; Hamilton 0 - Sioux Falls 2
TOP OF THE 3RD
Hamilton Coyotes batting - Pitching for Sioux Falls Red Pandas : LHP Greg Jordan
Batting: RHB Elia Amberezzio 0-0: Called Strike
0-1: Foul Ball, location: 2F
0-2: Ball
1-2: Foul Ball, location: 2F
1-2: Ball
2-2: Foul Ball, location: 2F
2-2: Ground out U3 (Groundball, 34)
Batting: LHB Ruben Yim 0-0: Called Strike
0-1: Called Strike
0-2: Ground out 6-3 (Groundball, 6M)
Batting: RHB Juanito González 0-0: Ball
1-0: Fly out, F8 (Flyball, 8RS)
Top of the 3rd over - 0 run(s), 0 hit(s), 0 error(s), 0 left on base; Hamilton 0 - Sioux Falls 2
BOTTOM OF THE 3RD
Sioux Falls Red Pandas batting - Pitching for Hamilton Coyotes : RHP King Fletcher
Batting: RHB Alan Rosales 0-0: Ball
1-0: Ball
2-0: Swinging Strike
2-1: Ball
3-1: Base on Balls
Batting: LHB Augustus Driscoll 0-0: Foul Ball, location: 2F
0-1: Ball
1-1: Ball
2-1: Ball
3-1: Base on Balls
Alan Rosales to second
Batting: LHB Toyokazu Asano 0-0: Called Strike
0-1: Swinging Strike
0-2: Strikes out swinging
Batting: RHB Jon Erickson 0-0: Called Strike
Alan Rosales steals 3rd base
Augustus Driscoll to second
0-1: Ball
1-1: Foul Ball, location: 2F
1-2: Ball
2-2: Ball
3-2: Foul Ball, location: 2F
3-2: Ground out 4-3 (Groundball, 4MS)
Alan Rosales scores
Augustus Driscoll to third
Batting: SHB Raúl Duarte 0-0: Fly out, F7 (Line Drive, 78M)
Bottom of the 3rd over - 1 run(s), 0 hit(s), 0 error(s), 1 left on base; Hamilton 0 - Sioux Falls 3
TOP OF THE 4TH
Hamilton Coyotes batting - Pitching for Sioux Falls Red Pandas : LHP Greg Jordan
Batting: RHB Jeffery Campbell 0-0: Called Strike
0-1: Foul Ball, location: 2F
0-2: Foul Ball, location: 2F
0-2: Foul Ball, location: 2F
0-2: Ball
1-2: Hit by Pitch
Batting: LHB Armando Reyes 0-0: Foul Ball, location: 2F
0-1: Ball
1-1: Called Strike
1-2: Fly out, F4 (Popup, 4D)
Batting: RHB Vincente Fuentes 0-0: Ball
1-0: DOUBLE (Flyball, 78D)
Jeffery Campbell to third
Batting: SHB Al Anderson 0-0: Foul Ball, location: 2F
0-1: Called Strike
0-2: Ball
1-2: Ball
2-2: 3-RUN HOME RUN (Flyball, 78XD), Distance : 466 ft
Batting: RHB José Icaza 0-0: Called Strike
0-1: Fly out, F7 (Flyball, 7S)
Batting: RHB Robbie Roach 0-0: Ball
1-0: Swinging Strike
1-1: Ball
2-1: Ball
3-1: Base on Balls
Pitching: LHP Ordono Lima
Batting: RHB Elia Amberezzio 0-0: Ball
1-0: Foul Ball, location: 2F
1-1: Ball
2-1: Called Strike
2-2: Foul Ball, location: 2F
2-2: Strikes out swinging
Top of the 4th over - 3 run(s), 2 hit(s), 0 error(s), 1 left on base; Hamilton 3 - Sioux Falls 3
BOTTOM OF THE 4TH
Sioux Falls Red Pandas batting - Pitching for Hamilton Coyotes : RHP King Fletcher
Batting: RHB Jonah Moody 0-0: Called Strike
0-1: Ball
1-1: Called Strike
1-2: Strikes out swinging
Batting: RHB Bryant Skelly 0-0: Ball
1-0: Ground out 5-3 (Groundball, 56)
Batting: RHB Jorge Díaz 0-0: Ball
1-0: Fly out, F7 (Line Drive, 7)
Bottom of the 4th over - 0 run(s), 0 hit(s), 0 error(s), 0 left on base; Hamilton 3 - Sioux Falls 3
TOP OF THE 5TH
Hamilton Coyotes batting - Pitching for Sioux Falls Red Pandas : LHP Ordono Lima
Batting: LHB Ruben Yim 0-0: SINGLE (Groundball, 56D)
Batting: RHB Juanito González 0-0: Bunted foul
0-1: Bunted foul
0-2: Ball
1-2: Fly out, F7 (Line Drive, 7S)
Batting: RHB Jeffery Campbell 0-0: Foul Ball, location: 2F
0-1: Ball
1-1: Ball
2-1: Fly out, F9 (Flyball, 9LM)
Batting: LHB Armando Reyes 0-0: Ground out 1-3 (Groundball, 13)
Top of the 5th over - 0 run(s), 1 hit(s), 0 error(s), 1 left on base; Hamilton 3 - Sioux Falls 3
BOTTOM OF THE 5TH
Sioux Falls Red Pandas batting - Pitching for Hamilton Coyotes : RHP King Fletcher
Batting: LHB Magali Lenidas 0-0: Ball
1-0: Ball
2-0: Swinging Strike
2-1: Ground out 6-3 (Groundball, 56)
Batting: RHB Alan Rosales 0-0: Ball
1-0: Ball
2-0: Fly out, F4 (Line Drive, 4D)
Batting: LHB Augustus Driscoll 0-0: Ball
1-0: Called Strike
1-1: Ground out 4-3 (Groundball, 34D)
Bottom of the 5th over - 0 run(s), 0 hit(s), 0 error(s), 0 left on base; Hamilton 3 - Sioux Falls 3
TOP OF THE 6TH
Hamilton Coyotes batting - Pitching for Sioux Falls Red Pandas : LHP Ordono Lima
Batting: RHB Vincente Fuentes 0-0: Ball
1-0: Called Strike
1-1: Called Strike
1-2: Strikes out swinging
Batting: SHB Al Anderson 0-0: Swinging Strike
0-1: Called Strike
0-2: Foul Ball, location: 2F
0-2: Strikes out swinging
Batting: RHB José Icaza 0-0: Ball
1-0: Foul Ball, location: 2F
1-1: Ball
2-1: Called Strike
2-2: Foul Ball, location: 2F
2-2: Foul Ball, location: 2F
2-2: Ground out 6-3 (Groundball, 6)
Top of the 6th over - 0 run(s), 0 hit(s), 0 error(s), 0 left on base; Hamilton 3 - Sioux Falls 3
BOTTOM OF THE 6TH
Sioux Falls Red Pandas batting - Pitching for Hamilton Coyotes : RHP King Fletcher
Batting: LHB Toyokazu Asano 0-0: Ball
1-0: Swinging Strike
1-1: Called Strike
1-2: Foul Ball, location: 2F
1-2: SINGLE (Flyball, 8LS)
Batting: RHB Jon Erickson 0-0: Called Strike
0-1: Ball
1-1: Fly out, F7 (Flyball, 7D)
Batting: SHB Raúl Duarte 0-0: Called Strike
0-1: Foul Ball, location: 2F
0-2: Ball
1-2: Ball
2-2: Foul Ball, location: 2F
2-2: Ball
3-2: Foul Ball, location: 2F
3-2: Base on Balls
Toyokazu Asano to second
Batting: RHB Jonah Moody 0-0: Ball
1-0: Foul Ball, location: 2F
1-1: Called Strike
1-2: Foul Ball, location: 2F
1-2: Foul Ball, location: 2F
1-2: Strikes out swinging
Batting: RHB Bryant Skelly 0-0: SINGLE (Groundball, 6D)
Toyokazu Asano to third
Raúl Duarte to second
Runner from 3rd tries for Home, SAFE, throw made home
Raúl Duarte to third
Bryant Skelly to second
Batting: RHB Jorge Díaz 0-0: Ground out 5-3 (Groundball, 56S)
Bottom of the 6th over - 1 run(s), 2 hit(s), 0 error(s), 2 left on base; Hamilton 3 - Sioux Falls 4
TOP OF THE 7TH
Hamilton Coyotes batting - Pitching for Sioux Falls Red Pandas : LHP Ordono Lima
Batting: RHB Robbie Roach 0-0: Foul Ball, location: 2F
0-1: Ball
1-1: Foul Ball, location: 2F
1-2: Ball
2-2: Ball
3-2: Foul Ball, location: 2F
3-2: Foul Ball, location: 2F
3-2: SINGLE (Line Drive, 56)
Batting: RHB Elia Amberezzio 0-0: Ball
1-0: Sac Bunt - play at second, runner OUT! 5-6
Pinch Hitting: RHB Warren Martin 0-0: Called Strike
0-1: Called Strike
0-2: Strikes out swinging
Batting: RHB Juanito González 0-0: Called Strike
0-1: Ball
1-1: Ball
2-1: Foul Ball, location: 2F
2-2: Ground out 6-3 (Groundball, 6D)
Top of the 7th over - 0 run(s), 1 hit(s), 0 error(s), 1 left on base; Hamilton 3 - Sioux Falls 4
BOTTOM OF THE 7TH
Sioux Falls Red Pandas batting - Pitching for Hamilton Coyotes : RHP King Fletcher
Now in CF: Warren Martin
Batting: LHB Magali Lenidas 0-0: Ball
1-0: Swinging Strike
1-1: SINGLE (Groundball, 4D)
Batting: RHB Alan Rosales 0-0: Ball
1-0: Called Strike
1-1: Foul Ball, location: 2F
1-2: Fielders Choice at 2nd, 6-4 (Groundball, 6)
Batting: LHB Augustus Driscoll 0-0: Ball
1-0: Ball
2-0: Foul Ball, location: 2F
2-1: Ball
3-1: Fly out, F7 (Line Drive, 7)
Batting: LHB Toyokazu Asano 0-0: Ball
1-0: Called Strike
1-1: Ball
2-1: Fielders Choice at 2nd, 4-6 (Groundball, 34)
Bottom of the 7th over - 0 run(s), 1 hit(s), 0 error(s), 0 left on base; Hamilton 3 - Sioux Falls 4
TOP OF THE 8TH
Hamilton Coyotes batting - Pitching for Sioux Falls Red Pandas : LHP Ordono Lima
Pitching: RHP Loeck Visser
Now at C: Esteban Casillas
Batting: RHB Jeffery Campbell 0-0: Ball
1-0: Called Strike
1-1: Reached on error, E5 (Groundball, 56)
Pitching: LHP José Carrasco
Pinch Hitting: RHB Bob Sargent 0-0: Ball
1-0: Ball
2-0: Ball
3-0: Base on Balls
Pitching: RHP Mike Keys
Pinch Hitting: SHB Martín Marrero 0-0: Ball
1-0: Foul Ball, location: 2F
1-1: Ground out 3-1 (Groundball, 34S)
Jeffery Campbell to third
Bob Sargent to second
Batting: SHB Al Anderson 0-0: Ball
1-0: Foul Ball, location: 2F
1-1: Foul Ball, location: 2F
1-2: Ball
2-2: SINGLE (Line Drive, 7S)
Jeffery Campbell scores
Bob Sargent to third
Runner from 3rd tries for Home, SAFE, throw made home
Batting: RHB José Icaza 0-0: Called Strike
0-1: Ball
1-1: 2-RUN HOME RUN (Flyball, 89XD), Distance : 444 ft
Batting: RHB Robbie Roach 0-0: Called Strike
0-1: Swinging Strike
0-2: Ball
1-2: Ball
2-2: Ball
3-2: Base on Balls
Batting: RHB Elia Amberezzio 0-0: Called Strike
0-1: Swinging Strike
0-2: Ball
1-2: Ball
2-2: SINGLE (Groundball, 4) (infield hit)
Robbie Roach to second
Batting: RHB Warren Martin 0-0: Swinging Strike
0-1: Ball
1-1: Swinging Strike
1-2: Strikes out swinging
Batting: RHB Juanito González 0-0: Fly out, F5 (Line Drive, 5)
Top of the 8th over - 4 run(s), 3 hit(s), 1 error(s), 2 left on base; Hamilton 7 - Sioux Falls 4
BOTTOM OF THE 8TH
Sioux Falls Red Pandas batting - Pitching for Hamilton Coyotes : RHP King Fletcher
Now at SS: Monty Sharp
Now in RF: Howard Fewell
Batting: RHB Jon Erickson 0-0: Ball
1-0: Ball
2-0: Called Strike
2-1: Ball
3-1: Called Strike
3-2: Ground out 6-3 (Groundball, 6S)
Pitching: RHP Dave Wheeler
Batting: SHB Raúl Duarte 0-0: Foul Ball, location: 2F
0-1: Foul Ball, location: 2F
0-2: Ball
1-2: Ball
2-2: Ground out 1-3 (Groundball, 13)
Batting: RHB Jonah Moody 0-0: Called Strike
0-1: Ball
1-1: Foul Ball, location: 2F
1-2: Foul Ball, location: 2F
1-2: Ground out 1-3 (Groundball, 15S)
Bottom of the 8th over - 0 run(s), 0 hit(s), 0 error(s), 0 left on base; Hamilton 7 - Sioux Falls 4
TOP OF THE 9TH
Hamilton Coyotes batting - Pitching for Sioux Falls Red Pandas : RHP Mike Keys
Batting: RHB Jeffery Campbell 0-0: DOUBLE (Flyball, 78D)
Batting: RHB Monty Sharp 0-0: Called Strike
0-1: Ball
1-1: Ball
2-1: Ball
3-1: Foul Ball, location: 2F
3-2: Ground out 5-3 (Groundball, 56)
Batting: RHB Howard Fewell 0-0: Ball
1-0: Fly out, F7 (Flyball, 7D)
Runner from 2nd tags up, SAFE at 3rd, no throw
Batting: SHB Al Anderson 0-0: Ball
1-0: Called Strike
1-1: Foul Ball, location: 2F
1-2: Foul Ball, location: 2F
1-2: SINGLE (Groundball, 34D)
Jeffery Campbell scores
Pitching: RHP Wyatt Meek
Batting: RHB José Icaza 0-0: Called Strike
0-1: Ball
1-1: SINGLE (Groundball, 6MD)
Al Anderson to second
Batting: RHB Robbie Roach 0-0: Ball
1-0: Called Strike
1-1: Ball
2-1: Called Strike
2-2: DOUBLE (Line Drive, 78D)
Al Anderson scores
José Icaza to third
Batting: RHB Elia Amberezzio 0-0: Ball
1-0: Foul Ball, location: 2F
1-1: Ground out 3-1 (Groundball, 34S)
Top of the 9th over - 2 run(s), 4 hit(s), 0 error(s), 2 left on base; Hamilton 9 - Sioux Falls 4
BOTTOM OF THE 9TH
Sioux Falls Red Pandas batting - Pitching for Hamilton Coyotes : RHP Dave Wheeler
Pitching: RHP Norberto Flores
Now at 1B: Manuel Sánchez
Now at 3B: Rodrigo Pagán
Batting: RHB Bryant Skelly 0-0: Called Strike
0-1: Ball
1-1: Swinging Strike
1-2: Fly out, F8 (Flyball, 8LS)
Batting: RHB Jorge Díaz 0-0: Ball
1-0: Ball
2-0: Ground out 6-3 (Groundball, 6)
Batting: LHB Magali Lenidas 0-0: Ball
1-0: Foul Ball, location: 2F
1-1: Foul Ball, location: 2F
1-2: Ball
2-2: Ground out 4-3 (Groundball, 4)
Bottom of the 9th over - 0 run(s), 0 hit(s), 0 error(s), 0 left on base; Hamilton 9 - Sioux Falls 4
Thursday, August 10th, 2017 - OOTP Baseball 17.12 Build 75